Map: Cactus Valley LE (Void)

Players

Rugi - Winner!

  • Race: Protoss Protoss
  • League: Diamond
  • Spawn Location: 7:00

Loken

  • Race: Zerg Zerg
  • Spawn Location: 11:00

VOD

Have the link to the VOD?

Description

Time

  • Played on: March 12, 2017, 1:05 p.m.
  • Length: 13:13
Show
View Real Time Build Order
Export as new Build Order

Rugi Protoss - Winner!

Build Orders: Nexus First 

Get SALT Encoding   

  12  0:01  Probe (Chrono Boost)  
  13  0:11  Probe (Chrono Boost)  
  14  0:21  Pylon  
  14  0:25  Probe (Chrono Boost)  
  15  0:39  Probe (Chrono Boost)  
  17  0:50  Probe (Chrono Boost)  
  17  1:01  Nexus  
  17  1:05  Probe (Chrono Boost)  
  18  1:15  Probe (Chrono Boost)  
  19  1:24  Gateway  
  19  1:26  Probe (Chrono Boost)  
  19  1:30  Assimilator  
  20  1:37  Probe (Chrono Boost)  
  21  1:40  Forge  
  21  1:46  Pylon  
  21  1:48  Probe (Chrono Boost)  
  22  1:59  Probe (Chrono Boost)  
  23  2:09  Probe (Chrono Boost)  
  23  2:13  Cybernetics Core  
  24  2:16  Probe (Chrono Boost)  
  24  2:20  Probe (Chrono Boost)  
  26  2:24  Assimilator  
  26  2:27  Zealot  
  28  2:30  Probe (Chrono Boost)  
  28  2:36  Probe (Chrono Boost)  
  29  2:40  Photon Cannon  
  29  2:43  Photon Cannon  
  29  2:50  Mothership Core (Chrono Boost)  
  31  2:56  Pylon  
  31  3:02  Photon Cannon  
  31  3:06  Photon Cannon  
  31  3:07  Probe (Chrono Boost)  
  31  3:08  Probe (Chrono Boost)  
  33  3:13  Protoss Ground Weapons Level 1  
  33  3:18  Photon Cannon, Probe (Chrono Boost)  
  34  3:23  Probe (Chrono Boost)  
  35  3:31  Probe (Chrono Boost)  
  36  3:34  Adept  
  38  3:41  Pylon  
  38  3:44  Photon Cannon  
  38  3:48  Photon Cannon  
  38  3:50  Probe (Chrono Boost)  
  38  3:51  Probe (Chrono Boost)  
  38  3:54  Warp Gate  
  40  4:00  Probe (Chrono Boost)  
  40  4:02  Pylon, Probe (Chrono Boost)  
  40  4:12  Probe (Chrono Boost)  
  40  4:14  Probe (Chrono Boost)  
  42  4:20  Adept  
  45  4:24  Probe (Chrono Boost)  
  45  4:29  Probe (Chrono Boost)  
  46  4:34  Gateway x2  
  46  4:36  Robotics Facility, Probe (Chrono Boost)  
  47  4:42  Probe (Chrono Boost)  
  49  4:54  Probe (Chrono Boost)  
  49  4:55  Assimilator, Probe (Chrono Boost)  
  49  4:56  Assimilator  
  52  5:06  Probe (Chrono Boost)  
  53  5:09  Pylon  
  51  5:18  Photon Cannon  
  51  5:20  Immortal  
  51  5:21  Stalker  
  53  5:22  Stalker  
  61  5:29  Probe x2 (Chrono Boost)  
  61  5:39  Gateway  
  61  5:40  Gateway  
  61  5:41  Probe (Chrono Boost)  
  61  5:42  Twilight Council, Probe (Chrono Boost)  
  63  5:46  Photon Cannon  
  63  5:47  Protoss Ground Armor Level 1  
  63  5:56  Probe (Chrono Boost)  
  64  6:02  Sentry x2  
  68  6:08  Nexus  
  68  6:11  Immortal  
  68  6:14  Pylon  
  70  6:21  Pylon  
  70  6:22  Pylon  
  70  6:24  Pylon  
  70  6:31  Charge  
  72  6:34  Probe x2 (Chrono Boost)  
  72  6:41  Sentry x2  
  72  6:43  Adept x2  
  72  6:46  Probe (Chrono Boost)  
  82  6:47  Probe (Chrono Boost)  
  82  6:53  Photon Cannon  
  82  6:56  Observer  
  82  6:58  Probe (Chrono Boost)  
  84  7:06  Probe (Chrono Boost)  
  85  7:09  Gateway  
  85  7:10  Gateway  
  85  7:12  Gateway, Probe (Chrono Boost)  
  86  7:18  Probe (Chrono Boost)  
  86  7:22  Photon Cannon  
  88  7:24  Probe (Chrono Boost), Protoss Ground Weapons Level 2  
  88  7:25  Observer  
  89  7:36  Stalker  
  89  7:37  Stalker x3  
  97  7:47  Assimilator, Probe (Chrono Boost)  
  97  7:48  Assimilator  
  97  7:50  Probe (Chrono Boost)  
  100  7:51  Probe (Chrono Boost)  
  100  7:55  Templar Archives  
  101  7:59  Probe (Chrono Boost)  
  101  8:01  Zealot, Probe (Chrono Boost)  
  101  8:02  Zealot  
  105  8:08  Probe (Chrono Boost)  
  105  8:11  Probe (Chrono Boost)  
  107  8:13  Photon Cannon  
  107  8:16  Pylon  
  107  8:18  Pylon  
  107  8:22  Pylon  
  107  8:29  Probe x2 (Chrono Boost)  
  107  8:30  Probe (Chrono Boost)  
  110  8:35  High Templar x4  
  110  8:38  Stalker x3  
  110  8:40  Archon  
  110  8:41  Archon  
  124  8:55  Probe (Chrono Boost)  
  109  9:12  Stalker  
  109  9:13  Stalker x2  
  109  9:15  Stalker x4  
  113  9:18  Immortal  
  114  9:29  Blink  
  114  9:37  Zealot x5  
  114  9:38  Zealot  
  126  9:39  Zealot  
  128  9:48  Gateway  
  128  9:49  Gateway, Pylon  
  128  9:52  Gateway  
  128  9:57  Nexus  
  128  10:01  Immortal  
  128  10:05  High Templar x4  
  140  10:07  Zealot  
  140  10:10  Archon x2  
  140  10:12  Pylon  
  142  10:19  Probe x3 (Chrono Boost)  
  145  10:23  Protoss Ground Weapons Level 3  
  145  10:28  Zealot x2  
  141  10:38  High Templar x2  
  145  10:51  Archon  
  145  10:55  Stalker  
  145  10:56  Stalker x4  
  145  10:57  Stalker  
  157  10:59  Psionic Storm  
  137  11:18  Zealot x4  
  137  11:19  Zealot x4  
  149  11:28  Probe x2 (Chrono Boost)  
  149  11:32  High Templar x2  
  155  11:37  Archon  
  155  11:38  High Templar x2  
  155  11:39  Zealot x5  
  169  11:40  Zealot  
  169  11:42  Archon  
  171  11:52  Pylon  
  171  11:55  Pylon  
  171  11:59  Photon Cannon  
  171  12:00  Photon Cannon  
  171  12:02  Photon Cannon  
  171  12:14  Mothership Core (Chrono Boost)  
  173  12:19  Zealot x5  
  173  12:20  Zealot x2  
  161  12:37  High Templar x2  
  161  12:38  Stalker x2  
  169  12:52  Stalker x3  
  169  12:56  Assimilator  
  169  12:57  Assimilator  
Show
View Real Time Build Order
Export as new Build Order

Loken Zerg 

Build Orders: Pool First 

Get SALT Encoding   

  12  0:01  Drone  
  13  0:13  Drone  
  14  0:26  Spawning Pool  
  13  0:31  Drone  
  14  0:38  Drone, Extractor  
  14  0:45  Overlord  
  14  1:05  Drone  
  14  1:06  Drone x2  
  17  1:17  Roach Warren  
  16  1:25  Queen  
  18  1:30  Drone  
  19  1:37  Overlord  
  19  1:57  Roach  
  19  1:58  Roach  
  23  2:06  Roach  
  25  2:18  Roach  
  25  2:19  Ravager  
  25  2:22  Roach  
  30  2:42  Overlord  
  30  2:55  Hatchery  
  29  3:11  Roach  
  29  3:12  Roach x3  
  37  3:13  Overlord  
  37  3:42  Drone  
  37  3:43  Drone x5  
  43  3:56  Ravager  
  43  3:59  Ravager  
  43  4:51  Drone  
  43  4:52  Drone x7  
  51  5:17  Queen  
  49  5:22  Overlord  
  49  5:23  Overlord x2  
  49  5:25  Lair  
  49  5:29  Spore Crawler  
  49  5:32  Spore Crawler  
  49  5:33  Drone x3  
  50  5:37  Extractor x2  
  48  5:49  Hatchery  
  47  6:02  Drone  
  47  6:03  Drone x6  
  54  6:10  Extractor  
  53  6:24  Zergling x2  
  53  6:25  Zergling x12  
  60  6:40  Drone x2  
  60  6:41  Drone x2  
  64  6:49  Hydralisk Den  
  63  7:03  Drone x6  
  63  7:06  Drone x4  
  73  7:17  Overseer x2  
  73  7:28  Hydralisk x4  
  81  7:33  Overlord x4  
  81  7:34  Overlord  
  81  7:37  Muscular Augments  
  81  7:38  Glial Reconstitution  
  81  7:43  Drone  
  82  7:49  Extractor  
  81  7:54  Hydralisk x6  
  81  7:55  Hatchery  
  92  8:11  Hydralisk x4  
  100  8:35  Hydralisk  
  100  8:36  Hydralisk x4  
  110  8:54  Infestation Pit  
  82  9:31  Zergling x2  
  82  9:32  Zergling x30  
  82  9:33  Zergling x6  
  82  9:35  Metabolic Boost  
  101  9:43  Hive  
  101  9:46  Drone  
  101  9:47  Drone x3  
  105  10:05  Zergling x10  
  109  10:35  Zergling x10  
  107  10:37  Overlord  
  107  10:38  Overlord x6  
  111  10:54  Overlord  
  111  10:55  Overlord x7  
  84  11:19  Zergling x2  
  84  11:20  Zergling x28  
  99  11:27  Evolution Chamber  
  99  11:30  Evolution Chamber  
  99  11:31  Zergling x2  
  99  11:32  Zergling x4  
  100  11:46  Hatchery  
  99  11:49  Hatchery  
  99  11:52  Hydralisk x7  
  112  12:04  Spire  
  112  12:06  Hatchery  
  91  12:28  Hydralisk x8  
  91  12:29  Hydralisk  
  65  12:46  Hydralisk  
  65  12:47  Hydralisk x2  
Tags
 
Add a new tag
Caveats
  • Supply blocks, unpowered buildings, or Contaminate may cause inaccurate times.
  • Supply counts are checked every 10 seconds.